 Dungeon Crawl Stone Soup version 0.17-a0-1900-g45e8110 (webtiles) character file.

573 mcbry74 the Grappler (level 7, -9/99 HPs)
             Began as a Troll Berserker on Sept 24, 2015.
             Was an Elder of Trog.
             Killed from afar by tp1's ghost (19 damage)
             ... with a spray of energy
             ... on level 4 of the Dungeon.
             The game lasted 00:14:36 (2803 turns).

mcbry74 the Grappler (Troll Berserker)              Turns: 2803, Time: 00:14:39

Health: -9/99      AC:  7    Str: 31    XL:     7   Next: 12%
Magic:  6/6        EV: 10    Int:  5    God:    Trog [****..]
Gold:   238        SH:  0    Dex:  9    Spells: 0 memorised, 6 levels left

rFire  . . .     SeeInvis .       - Unarmed
rCold  . . .     Clarity  .     a - +0 animal skin
rNeg   . . .     SustAt   .     (no shield)
rPois  .         Gourm    +     d - +2 hat
rElec  .         Spirit   .     (no cloak)
rCorr  .         Warding  .     (gloves unavailable)
rMut   .         Stasis   .     (boots unavailable)
MR     .....                    (no amulet)
Stlth  ..........               (no ring)
                                (no ring)

@: berserking, very quick, not resistant to hostile enchantments, extremely
unstealthy
A: unfitting armour, claws 3, fast metabolism 3, gourmand, regeneration 2,
shaggy fur 1, tough skin 2
a: Burn Spellbooks, Berserk, Trog's Hand, Brothers in Arms, Renounce Religion


You were on level 4 of the Dungeon.
You worshipped Trog.
Trog was greatly pleased with you.
You were not hungry.

You visited 1 branch of the dungeon, and saw 4 of its levels.

You collected 238 gold pieces.

Inventory:

Armour
 a - a +0 animal skin (worn)
 d - a +2 hat (worn)
 s - a +0 robe
Jewellery
 p - an uncursed ring of protection from fire {unknown}
 q - a +3 ring of evasion {unknown}
Magical devices
 i - a wand of flame (37)
 r - a wand of slowing (16)
 t - a wand of draining (5)
Scrolls
 c - 2 scrolls of enchant weapon {unknown}
 e - 2 scrolls of amnesia {unknown}
 f - 4 scrolls of recharging {unknown}
 g - 4 scrolls of identify {unknown}
 l - 4 scrolls of remove curse {unknown}
 n - a scroll of enchant armour {unknown}
Potions
 h - 2 potions of flight {unknown}
 j - a potion of agility {unknown}
 k - a potion of degeneration {unknown}
Comestibles
 b - 6 bread rations
 m - a meat ration
 o - a slice of pizza


   Skills:
 - Level 2.4 Fighting
 - Level 2.4 Dodging
 + Level 8.2 Unarmed Combat


You had 6 spell levels left.
You didn't know any spells.

Dungeon Overview and Level Annotations

Branches:
Dungeon (4/15)
 Temple: D:4-7

Altars:
Ashenzari

Annotations:
D:4 tp1's ghost, average DECj


Innate Abilities, Weirdness & Mutations

You are too large for most types of armour.
You have claws for hands.
Your metabolism is lightning-fast.
You like to eat raw meat.
You heal very quickly.
You are covered in fur (AC +1).
You have very tough skin (AC +2).


Message History

Tp1's ghost points at you and mumbles some strange words.
The spray of energy hits you!
* * * LOW HITPOINT WARNING * * *
You are confused.
Tp1's ghost hits you but does no damage.
Tp1's ghost hits you but does no damage.
Tp1's ghost casts a spell at you. The magic dart hits you!
* * * LOW HITPOINT WARNING * * *
You feel less confused.
Tp1's ghost gestures at you while chanting.
The magic dart hits you!
* * * LOW HITPOINT WARNING * * *
Use which ability?
A red film seems to cover your vision as you go berserk!
You feel yourself moving faster!
You feel mighty!
You feel somewhat more hungry.
Tp1's ghost gestures at you while chanting.
The spray of energy hits you!
You die...

### ########..#
##... ##..# ....#
##..## .... ##..##
#.)## ##
#######..##
#########....###
.###.......##
##..)............
....########
#...####......##.
##### #W###
######## # #@## ###
##### #..#
..#######...## #..#
###
.............####.#
##.#####
..............##..#
##......###
#.....##...#......#
##..####....
..########..#.....#
##..## ###.. .##
##.##....###..##
#.# ##
#.......##..## #.#


You could see tp1's ghost.

Vanquished Creatures
  Eustachio (D:4)
  An ogre (D:4)
  A centaur zombie (D:3)
  An orc wizard (D:3)
  2 worker ants (D:4)
  Robin (D:2)
  4 gnolls (D:3)
  9 adders
  2 oozes
  2 adder skeletons (D:4)
  A worm (D:4)
  4 giant geckos
  11 orcs
  9 bats
  3 giant cockroaches
  24 goblins
  8 hobgoblins
  3 jackals (D:1)
  4 kobolds
  2 quokkas (D:4)
  A ball python (D:3)
  7 giant newts
  6 rats
107 creatures vanquished.

Notes
Turn   | Place    | Note
--------------------------------------------------------------
     0 | D:1      | mcbry74 the Troll Berserker began the quest for the Orb.
     0 | D:1      | Reached XP level 1. HP: 22/22 MP: 0/0
   356 | D:1      | Reached XP level 2. HP: 27/29 MP: 1/1
   709 | D:2      | Reached skill level 4 in Unarmed Combat
   730 | D:2      | Reached XP level 3. HP: 31/36 MP: 2/2
   744 | D:2      | Acquired Trog's second power
   786 | D:2      | Found a shattered altar of Ashenzari.
   803 | D:2      | Noticed Robin
   837 | D:2      | Killed Robin
   934 | D:2      | Reached XP level 4. HP: 44/44 MP: 3/3
   984 | D:2      | Reached skill level 5 in Unarmed Combat
  1380 | D:3      | Reached XP level 5. HP: 46/50 MP: 4/4
  1432 | D:3      | Reached skill level 6 in Unarmed Combat
  1873 | D:3      | Acquired Trog's third power
  2058 | D:4      | Reached XP level 6. HP: 56/59 MP: 5/5
  2067 | D:4      | Noticed Eustachio
  2079 | D:4      | Killed Eustachio
  2079 | D:4      | Reached skill level 7 in Unarmed Combat
  2756 | D:4      | Noticed an ogre
  2760 | D:4      | Killed an ogre
  2760 | D:4      | Reached skill level 8 in Unarmed Combat
  2760 | D:4      | Reached XP level 7. HP: 66/66 MP: 6/6
  2765 | D:4      | Noticed tp1's ghost (average DECj)
  2803 | D:4      | Killed from afar by tp1's ghost

Vault maps used:
D:1:      erik_arrival_triangle_large, minmay_misc_feat_square
D:2:      evilmike_ruin_ashenzari, uniq_robin
D:3:      wad_crossroads
D:4:      serial_glass, glass_columns_b, glass_columns_a, uniq_eustachio

Action                   |  1- 3 |  4- 6 |  7- 9 || total
-------------------------+-------+-------+-------++-------
Melee: Unarmed           |    90 |   152 |       ||   242
Invok: Berserk           |       |     2 |     1 ||     3
  Eat: Chunk             |    12 |    14 |       ||    26
